 Dungeon Crawl Stone Soup version 0.29.1-4-g47bece8355 (webtiles) character file.

Game seed: 13634148062588019040

13290 DildoBatman the Geomancer (level 12, -4/86 HPs)
             Began as a Formicid Conjurer on Dec 2, 2022.
             Was an Elder of Kikubaaqudgha.
             Slain by an orc knight
             ... wielding a +0 war axe
              (18 damage)
             ... on level 1 of the Orcish Mines.
             The game lasted 00:36:45 (9389 turns).

DildoBatman the Geomancer (Formicid Conjurer)       Turns: 9389, Time: 00:36:46

Health: -4/86      AC:  4    Str: 11    XL:     12   Next: 30%
Magic:  17/22      EV: 12    Int: 24    God:    Kikubaaqudgha [****..]
Gold:   666        SH:  0    Dex: 12    Spells: 5/25 levels left

rFire   . . .      SeeInvis +   b - +9 short sword of Defiance {freeze, rPois}
rCold   . . .      Faith    .   (no shield)
rNeg    . . .      Spirit   .   L - +0 troll leather armour
rPois   +          Reflect  .   (helmet unavailable)
rElec   .          Harm     .   (no cloak)
rCorr   .          Rampage  .   (no gloves)
Will    ++...      Clarity  +   (no boots)
Stlth   ++........              m - amulet of magic regeneration
HPRegen 1.04/turn               e - ring of flight
MPRegen 0.58/turn               (no ring)

@: flying
A: permanent stasis, dig shafts and tunnels, antennae 3, four strong arms,
clarity, strong-willed 1, passive freeze, no potion heal 1
a: Dig, Shaft Self, Renounce Religion, Unearth Wretches


You were on level 1 of the Orcish Mines.
You worshipped Kikubaaqudgha.
Kikubaaqudgha was greatly pleased with you.
You visited 3 branches of the dungeon, and saw 13 of its levels.

You collected 762 gold pieces.
You spent 96 gold pieces at shops.

Inventory:

Hand Weapons
 a - a +3 shortbow of venom
 b - the +9 short sword of Defiance (weapon) {freeze, rPois}
   (You found it on level 6 of the Dungeon)

   It freezes those it strikes, dealing additional cold damage.
   It can also slow down cold-blooded creatures.
   rPois:     It protects you from poison.
 K - the +3 rapier of Ikizyz {protect, rF+ MP-9 Str+5 SInv}
   (You found it on level 7 of the Dungeon)

   It grants its wielder temporary protection when it strikes (+7 to AC).
   Str:       It affects your strength (+5).
   rF:        It protects you from fire.
   MP:        It affects your magic capacity (-9).
   SInv:      It lets you see invisible.
Missiles
 q - 6 atropa-tipped darts
 Q - a throwing net
 S - 2 curare-tipped darts
Armour
 c - a +0 kite shield
 k - a +0 ring mail of willpower
 o - a +1 ring mail of poison resistance
 L - a +0 troll leather armour (worn)
Magical Staves
 v - a staff of fire
 N - a staff of earth
Jewellery
 e - a ring of flight (left hand)
 m - an amulet of magic regeneration (around neck)
Wands
 u - a wand of acid (14)
 I - a wand of mindburst (20)
 R - a wand of flame (14)
Scrolls
 i - 2 scrolls of summoning {unknown}
 n - a scroll of magic mapping {unknown}
 r - 4 scrolls of silence
 t - 2 scrolls of amnesia
 w - 3 scrolls of butterflies
 y - a scroll of immolation {unknown}
 B - 2 scrolls of vulnerability {unknown}
 C - 3 scrolls of torment
 E - a scroll of brand weapon
 F - 2 scrolls of poison {unknown}
 P - a scroll of enchant weapon {unknown}
Potions
 f - 4 potions of heal wounds {unknown}
 g - 3 potions of haste {unknown}
 h - 7 potions of brilliance {unknown}
 j - 4 potions of mutation
 l - 8 potions of curing {unknown}
 p - a potion of lignification {unknown}
 s - 2 potions of magic
 x - a potion of resistance {unknown}
 A - 2 potions of attraction {unknown}
 D - a potion of ambrosia {unknown}
 G - a potion of cancellation {unknown}
 J - 2 potions of flight {unknown}
 M - 3 potions of degeneration {unknown}
Miscellaneous
 O - a lightning rod (4/4)


   Skills:
 - Level 5.0 Fighting
 - Level 5.0 Armour
 - Level 3.0 Dodging
 - Level 2.4 Stealth
 * Level 3.6 Shields
 - Level 7.0 Spellcasting
 - Level 6.0 Conjurations
 - Level 11.6 Necromancy
 - Level 11.8 Earth Magic


You had 5 spell levels left.
You knew the following spells:

 Your Spells              Type           Power      Damage    Failure   Level
a - Borgnjor's Vile Clut  Necr/Erth      29%        N/A       1%          5
b - Frozen Ramparts       Ice            16%        1d3       26%         3
c - Searing Ray           Conj           74%        2d7       1%          2
d - Vampiric Draining     Necr           59%        2d10      1%          3
e - Magic Dart            Conj           100%       1d8       1%          1
h - Dispel Undead         Necr           59%        3d21      1%          4
z - Sublimation of Blood  Necr           59%        N/A       1%          2

Your spell library contained the following spells:

 Spells                   Type           Power      Damage    Failure   Level
 Necrotise                Necr           100%       1d9       1%          1
 Animate Dead             Necr           59%        N/A       1%          4
 Agony                    Necr           59%        N/A       2%          5
 Dazzling Flash           Conj/Hex       44%        N/A       8%          3
 Scorch                   Fire           16%        2d5       14%         2
 Wereblood                Tmut           8%         N/A       14%         2
 Corpse Rot               Necr/Pois/Air  26%        N/A       19%         4
 Inner Flame              Hex/Fire       8%         N/A       26%         3
 Flame Wave               Conj/Fire      22%        2d8       26%         4
 Fulminant Prism          Conj/Hex       11%        3d9       26%         4
 Iskenderun's Mystic Bla  Conj/Tloc      22%        2d6       26%         4
 Cause Fear               Hex            4%         N/A       65%         4
 Ice Form                 Ice/Tmut       8%         N/A       65%         4
 Summon Ice Beast         Ice/Summ       8%         N/A       65%         4
 Death Channel            Necr           29%        N/A       12%         6
 Summon Cactus Giant      Summ           4%         N/A       100%        6
 Summon Hydra             Summ           4%         N/A       100%        7
 Discord                  Hex            4%         N/A       100%        8


Dungeon Overview and Level Annotations

Branches:
Dungeon (10/15)            Temple (1/1) D:5            Lair (0/5) D:10
    Orc (2/2) D:10
    Elf: Orc:2

Altars:
Ashenzari
Cheibriados
Dithmenos
Elyvilon
Fedhas
Gozag
Hepliaklqana
Kikubaaqudgha
Makhleb
Nemelex Xobeh
Okawaru
Qazlal
Ru
Sif Muna
Trog
Uskayaw
Vehumet
Wu Jian
Xom
Yredelemnul
Zin
The Shining One

Shops:
D:2 ![:!=

Annotations:
D:6 1 runed translucent door, TangoThomas's ghost, novice TeGl
D:8 2 transporters


Innate Abilities, Weirdness & Mutations

You cannot be hasted, slowed, berserked, paralysed or teleported.
You can dig through walls and to a lower floor.
You have a pair of large antennae on your head. (SInv)
Your four strong arms can wield two-handed weapons with a shield.
You possess an exceptional clarity of mind.
You are strong-willed. (Will+)
A frigid envelope surrounds you and freezes all who hurt you.
Potions are less effective at restoring your health.


Message History

The orc knight goes into a battle-frenzy!
The orc knight hits you with a +0 war axe!
The orc knight is very cold.
The orc knight is lightly wounded.
The smoke demon hits you.
The smoke demon is very cold.
The smoke demon is moderately wounded.
The smoke demon hits you but does no damage.
The smoke demon is very cold.
The smoke demon is moderately wounded.
The smoke demon hits you.
The smoke demon is very cold.
The smoke demon is heavily wounded.
The orc warrior hits you from afar with a +0 trident!!
The smoke demon hits you.
The smoke demon is very cold.
The smoke demon is severely wounded.
The smoke demon barely misses you. The smoke demon closely misses you.
There is a stone staircase leading up, spattered with blood here.
The orc warrior throws a boomerang.
The boomerang misses you. The orc knight closely misses you.
The orc warrior hits you with a +0 long sword!
The orc warrior is very cold.
The orc warrior is moderately wounded.
The smoke demon gestures at you. Beogh smites you!
You fly upwards.
There is a stone staircase leading down, spattered with blood here.
Casting: Borgnjor's Vile Clutch (dangerous; 1% risk of failure)
Confirm with . or Enter, or press ? or * to list all spells.
Aiming: Borgnjor's Vile Clutch (dangerous; 1% risk of failure)
Press: ? - help, Shift-Dir - straight line, f - orc knight
Aim: an orc knight, wielding a +0 war axe and wearing a +0 chain mail (lightly wounded, strong, 100% to hit)
Zombie hands grab the orc knight.
The zombie hands constrict the orc knight!
The orc knight hits you with a +0 war axe!!
You die...
Kikubaaqudgha rasps: "You have failed me!
Welcome... death!"

#.##.......#.....###
.......##..##......##
#......#............#
#...............>..##
#...##.............#
##.....#.#.#.......##
##.................#
###..#.#.....[[#.##
##.##.#.#......@)##
##..........)...oo.##
#.#.......)[[.[.....#
...........)[.......#
#.#................##
##.................#
##.#....#....[...##
####....[...#))#.##
##.......[).[....#


You could see an orc knight (strong, clutched) and an orc warrior (strong).

Vanquished Creatures
  An orc warlord (Orc:1)
  A two-headed ogre (D:10)
  An orc high priest (Orc:1)
  Sonja (D:10)
  An ugly thing (D:10)
  An orc knight (D:10)
  A manticore (D:9)
  An unseen horror (D:7)
  2 trolls
  9 yaks (D:10)
  6 wyverns
  A basilisk (D:10)
  A steam dragon (D:8)
  6 water moccasins
  2 acid dragons (D:10)
  2 ice beasts
  3 black bears
  11 orc warriors
  6 centaurs
  2 ogres
  A phantom (D:5)
  A kobold brigand (D:9)
  12 bullfrogs
  A gnoll sergeant (D:10)
  2 necrophages (D:6)
  3 scorpions
  10 wights
  7 killer bees
  4 howler monkeys
  2 electric eels (D:9)
  A jelly (D:7)
  9 orc priests
  A gnoll bouda (D:7)
  5 iguanas
  14 orc wizards
  Robin (D:3)
  10 adders
  10 gnolls
  5 white imps
  2 ufetubi (D:6)
  3 worms
  4 dart slugs
  49 orcs
  5 endoplasms
  4 giant cockroaches
  16 goblins
  16 hobgoblins
  3 jackals (D:4)
  5 quokkas
  9 ball pythons
  4 bats
  4 frilled lizards (D:1)
  5 kobolds
  16 rats
303 creatures vanquished.

Vanquished Creatures (others)
  8 fungi
  40 plants
48 creatures vanquished.

Grand Total: 351 creatures vanquished

Notes
Turn   | Place    | Note
-------+----------+-------------------------------------------
     0 | D:1      | DildoBatman the Formicid Conjurer began the quest for the
                  | Orb.
     0 | D:1      | Reached XP level 1. HP: 13/13 MP: 3/3
   148 | D:1      | Reached XP level 2. HP: 20/20 MP: 1/5
   151 | D:1      | Learned a level 2 spell: Searing Ray
   465 | D:1      | Reached skill level 1 in Fighting
   465 | D:1      | Reached XP level 3. HP: 26/26 MP: 1/6
   476 | D:1      | Reached skill level 1 in Armour
   825 | D:2      | Found Anyiru's Book Shop.
   870 | D:2      | Found Beiprusu's Antique Armour Shoppe.
   880 | D:2      | Found Nekhlat's Distillery.
   915 | D:2      | Found a shimmering altar of Xom.
  1007 | D:2      | Reached XP level 4. HP: 32/32 MP: 5/8
  1145 | D:2      | Found Myuck's Jewellery Shop.
  1282 | D:2      | Found Etoschunn's Distillery.
  1292 | D:2      | Bought a potion of mutation for 96 gold pieces
  1292 | D:2      | Gained mutation: Potions are less effective at restoring
                  | your health. [potion of mutation]
  1292 | D:2      | Gained mutation: You are strong-willed. (Will+) [potion of
                  | mutation]
  1292 | D:2      | Gained mutation: You possess an exceptional clarity of
                  | mind. [potion of mutation]
  1292 | D:2      | Gained mutation: A frigid envelope surrounds you and
                  | freezes all who hurt you. [potion of mutation]
  2178 | D:4      | Reached XP level 5. HP: 38/38 MP: 5/9
  2339 | D:4      | Reached XP level 6. HP: 46/46 MP: 7/11
  3005 | D:5      | Entered Level 5 of the Dungeon
  3212 | D:5      | Noticed an ogre
  3253 | D:5      | Noticed a black bear
  3270 | D:5      | Noticed an ice beast
  3301 | D:5      | Killed a black bear
  3302 | D:5      | Reached skill level 5 in Conjurations
  3302 | D:5      | Reached XP level 7. HP: 44/52 MP: 9/13
  3515 | D:5      | Reached skill level 5 in Spellcasting
  3563 | D:5      | Found a staircase to the Ecumenical Temple.
  3586 | D:5      | Reached XP level 8. HP: 55/58 MP: 9/16
  3594 | Temple   | Entered the Ecumenical Temple
  3798 | Temple   | Became a worshipper of Kikubaaqudgha
  4079 | D:3      | Noticed Robin
  4111 | D:3      | Killed Robin
  4144 | D:3      | Learned a level 2 spell: Sublimation of Blood
  4197 | D:4      | Reached * piety under Kikubaaqudgha
  4197 | D:4      | Received a gift from Kikubaaqudgha
  4208 | D:4      | Learned a level 3 spell: Vampiric Draining
  4591 | D:6      | Reached skill level 1 in Necromancy
  4673 | D:6      | Identified the +9 short sword of Defiance {freeze, rPois}
  4734 | D:6      | Reached XP level 9. HP: 48/63 MP: 16/19
  4769 | D:6      | Found a runed translucent door.
  4776 | D:6      | Noticed TangoThomas's ghost (novice TeGl)
  4800 | D:6      | Reached skill level 5 in Necromancy
  5897 | D:7      | Identified the +3 rapier of Ikizyz {protect, rF+ MP-9 Str+5
                  | SInv}
  6365 | D:7      | Reached ** piety under Kikubaaqudgha
  6455 | D:7      | Reached XP level 10. HP: 70/70 MP: 14/20
  6544 | D:7      | Noticed an unseen horror
  6717 | D:7      | Killed an unseen horror
  6810 | D:7      | Reached skill level 5 in Fighting
  6810 | D:7      | Reached skill level 5 in Armour
  6823 | D:7      | Learned a level 3 spell: Frozen Ramparts
  6926 | D:8      | Found a shimmering blue altar of Sif Muna.
  6926 | D:8      | Found a basalt altar of Yredelemnul.
  6928 | D:8      | Found a radiant altar of Vehumet.
  6928 | D:8      | Found a hide-covered altar of Uskayaw.
  6993 | D:8      | Noticed a manticore
  7218 | D:8      | Found a transporter.
  7245 | D:8      | Found a transporter.
  7404 | D:9      | Reached skill level 10 in Necromancy
  7840 | D:9      | Noticed a manticore
  7858 | D:9      | Killed a manticore
  7859 | D:9      | Reached XP level 11. HP: 47/79 MP: 13/21
  7962 | D:9      | Reached *** piety under Kikubaaqudgha
  7962 | D:9      | Received a gift from Kikubaaqudgha
  8190 | D:10     | Entered Level 10 of the Dungeon
  8225 | D:10     | Noticed a purple ugly thing
  8235 | D:10     | Killed a purple ugly thing
  8242 | D:10     | Learned a level 5 spell: Borgnjor's Vile Clutch
  8247 | D:10     | Learned a level 4 spell: Dispel Undead
  8283 | D:10     | Reached skill level 5 in Earth Magic
  8517 | D:10     | Noticed Sonja
  8521 | D:10     | Killed Sonja
  8552 | D:10     | Found a staircase to the Lair.
  8636 | D:10     | Noticed an orc knight
  8641 | D:10     | Killed an orc knight
  8658 | D:10     | Found a staircase to the Orcish Mines.
  8708 | D:10     | Reached **** piety under Kikubaaqudgha
  8804 | D:10     | Reached skill level 10 in Earth Magic
  8844 | D:10     | Noticed a two-headed ogre
  8851 | D:10     | Killed a two-headed ogre
  8852 | D:10     | Reached XP level 12. HP: 86/86 MP: 16/22
  9048 | Orc:1    | Entered Level 1 of the Orcish Mines
  9218 | Orc:2    | Entered Level 2 of the Orcish Mines
  9223 | Orc:2    | Noticed an orc high priest
  9264 | Orc:2    | Noticed an orc warlord
  9265 | Orc:2    | Noticed an orc high priest
  9327 | Orc:2    | Noticed a soul eater
  9327 | Orc:2    | Noticed a soul eater
  9342 | Orc:1    | Killed an orc warlord
  9365 | Orc:1    | Noticed a sixfirhy
  9365 | Orc:1    | Killed an orc high priest
  9389 | Orc:1    | Slain by an orc knight

Illustrated notes

Levels and vault maps discovered:
D:1:      psy_arrival_whirlpool, layout_basic, minmay_rat_gold_closets
D:2:      layout_loops_ring, basic_altar, serial_shops,
          nicolae_shop_behind_doors, nicolae_diamond_shop, shop,
          nicolae_lakefront_shop, shop
D:3:      layout_basic, grunt_decor_clamped, uniq_robin
D:4:      layout_loops_ring, minmay_a_box_with_orc_wizards_in_it
D:5:      layout_basic, minmay_temple_entry_fiery, kennysheep_generic_room_7
D:6:      layout_basic, ebering_ghost_sewer_d
D:7:      kennysheep_windowed_halls, layout_gridville, reono_crystal_passage,
          dreamdust_princess_bridge
D:8:      gammafunk_the_bubble [the_bubble_gammafunk_plus_minus], layout_rooms,
          grunt_temple_overflow_open
D:9:      layout_loops_cross, serial_bayou_pond_e, serial_bayou_ford_a
D:10:     layout_roguey, minmay_lair_entry_grove, david_orc_5, uniq_sonja
Temple:   mainiacjoe_temple_bowtie_tessellation
Orc:1:    layout_caves
Orc:2:    grunt_orc_gardens, layout_diamond_mine, grunt_orc_garden,
          grunt_orc_garden, grunt_orc_garden, grunt_orc_garden, serial_shops,
          nicolae_shop_behind_doors, enter_volcano_4, basic_altar,
          mines4_lemuel, uniq_donald

Skill      XL: |  1  2  3  4  5  6  7  8  9 10 11 12 |
---------------+-------------------------------------+-----
Dodging        | 2 3 |  3.0
Fighting       | 1 2 3 5 |  5.0
Armour         | 1 2 3 5 |  5.0
Conjurations   | 4 5 6 |  6.0
Spellcasting   | 3 4 5 7 |  7.0
Necromancy     | 4 9 11 | 11.6
Earth Magic    | 11 | 11.8
Shields        | 3 |  3.6
Stealth        | |  2.4

Action                   |  1- 3 |  4- 6 |  7- 9 | 10-12 || total
-------------------------+-------+-------+-------+-------++-------
Melee: Unarmed           |    10 |       |       |       ||    10
       Club              |    24 |       |       |       ||    24
       Quarterstaff      |       |       |    10 |       ||    10
       Short sword       |       |       |     6 |    66 ||    72
       Punch             |       |       |       |     3 ||     3
 Fire: Shortbow          |       |       |       |    87 ||    87
 Cast: Magic Dart        |    63 |    49 |    64 |    39 ||   215
       Searing Ray       |     1 |    30 |    58 |    22 ||   111
       Vampiric Draining |       |       |     5 |    17 ||    22
       Borgnjor's Vile C |       |       |       |    61 ||    61
 Abil: Dig               |       |       |     1 |       ||     1
  Use: Potion            |       |     1 |       |       ||     1
       Scroll            |       |     4 |       |     4 ||     8
 Stab: Sleeping          |       |       |     1 |     1 ||     2
Armor: Robe              |    14 |     5 |       |       ||    19
       Ring mail         |       |       |     9 |     2 ||    11
       Troll leather arm |       |       |       |    24 ||    24
Dodge: Dodged            |    44 |    11 |    21 |    88 ||   164
